 Dungeon Crawl Stone Soup version 0.32-a0-898-g7811c86cf0 (webtiles) character file.

Game seed: 6836107768750437794

3995 Twinkles the Covert (level 10, 0/69 HPs)
             Began as an Octopode Shapeshifter on Apr 4, 2024.
             Was an Initiate of Gozag.
             Engulfed by a cloud of flame (11 damage)
             ... in a bailey.
             The game lasted 00:30:16 (9312 turns).

Twinkles the Covert (Octopode Shapeshifter)         Turns: 9312, Time: 00:30:17

Health: 0/69       AC: -3    Str: 17    XL:     10   Next: 23%
Magic:  10/10      EV: 16    Int: 14    God:    Gozag
Gold:   299        SH:  0    Dex: 17    Spells: 9/9 levels left

rFire   + .          .
                       - Unarmed
rCold   x . .        (no shield)
rNeg    . . .        (helmet currently unavailable)
rPois   .            r - amulet "Vaimpev" {*Corrode rElec Will++ RegenMP+ Slay+3}
rElec   +            E - +6 ring of dexterity
rCorr   .            p - ring of fire
SInv    .            (no ring)
Will    ++...        (no ring)
Stlth   ++++++       (no ring)
HPRegen 0.31/turn    (no ring)
MPRegen 0.52/turn    (no ring)
                     (no ring)

%: corrode self (3%)
@: beast-form, corroded, gold aura
A: beast (slay +3), almost no armour, amphibious, 8 rings, camouflage 1,
gelatinous body 1, nimble swimmer 1, tentacles
a: Begin Untransformation, Renounce Religion, Potion Petition, Call Merchant,
Bribe Branch


You were in a bailey.
You worshipped Gozag.
Gozag was aware of your devotion.
You were a hulking beast.
You visited 2 branches of the dungeon, and saw 9 of its levels.
You also visited: Ossuary and Bailey.

You collected 843 gold pieces.
You spent 396 gold pieces at shops.
You paid 148 gold pieces to Gozag.

Inventory:

Missiles
 m - 22 poisoned darts (quivered)
Armour
 C - an orb of guile
Jewellery
 p - a ring of fire (right tentacle)
 r - the amulet "Vaimpev" (around mantle) {*Corrode rElec Will++ RegenMP+ Slay+3}
   (You found it on level 3 of the Dungeon)

   [amulet of magic regeneration]

   It increases your rate of magic regeneration.
   Slay+3:    It affects your accuracy & damage with ranged weapons and melee
   (+3).
   rElec:     It insulates you from electricity.
   Will++:    It greatly increases your willpower.
   *Corrode:  It may corrode you when you take damage.
   RegenMP+:  It increases your rate of magic regeneration.
 E - a +6 ring of dexterity (left tentacle)
Talismans
 b - a beast talisman (active)
 c - a flux talisman
 B - a blade talisman
Wands
 e - a wand of charming (11)
 y - a wand of mindburst (16)
 D - a wand of roots (6)
Scrolls
 a - 2 scrolls of enchant weapon {unknown}
 d - 5 scrolls of poison
 f - 2 scrolls of revelation
 j - 3 scrolls of teleportation {unknown}
 s - 3 scrolls of fear {unknown}
 t - a scroll of acquirement {unknown}
 v - 3 scrolls of amnesia {unknown}
 w - 2 scrolls of noise {unknown}
 A - a scroll of fog {unknown}
 K - 2 scrolls of immolation
Potions
 h - 3 potions of ambrosia {unknown}
 l - 2 potions of curing {unknown}
 n - 2 potions of enlightenment
 q - a potion of berserk rage {unknown}
 u - a potion of haste {unknown}
 z - a potion of resistance {unknown}
 M - 2 potions of might
 N - 2 potions of heal wounds
 P - 3 potions of lignification
 Q - 3 potions of magic


   Skills:
 + Level 6.5 Fighting
 + Level 6.8 Dodging
 + Level 9.1 Stealth
 + Level 7.1 Unarmed Combat
 + Level 6.6 Shapeshifting


You had 9 spell levels left.
You didn't know any spells.
Your spell library contained the following spells:

 Spells                   Type           Power      Damage    Failure   Level
 Freeze                   Ice            0%         1d3       28%         1
 Blink                    Tloc           0%         N/A       41%         2
 Lesser Beckoning         Tloc           0%         N/A       41%         2
 Momentum Strike          Conj/Tloc      0%         3d8       41%         2
 Static Discharge         Conj/Air       0%         3-3/arc   41%         2
 Frozen Ramparts          Ice            0%         1d1       65%         3
 Fugue of the Fallen      Necr           0%         N/A       65%         3
 Hailstorm                Conj/Ice       0%         3d5       65%         3
 Ozocubu's Armour         Ice            0%         N/A       65%         3
 Tukima's Dance           Hex            0%         N/A       65%         3
 Airstrike                Air            0%         2d(0-16)  96%         4
 Dimensional Bullseye     Hex/Tloc       0%         N/A       96%         4
 Iskenderun's Mystic Bla Conj/Tloc 0%             2d3        (+2d1     96%         4
 Summon Lightning Spire   Summ/Air       0%         N/A       96%         4
 Manifold Assault         Tloc           0%         N/A       100%        7


Dungeon Overview and Level Annotations

Branches:
Dungeon (8/15) Zot: 26796  Temple (1/1) D:6 Zot: 5967 Ossuary (visited)
 Bailey (1/1) Zot: 5451
   Lair: D:8-11

Altars:
Ashenzari
Cheibriados
Dithmenos
Elyvilon
Fedhas
Gozag
Hepliaklqana
Makhleb
Nemelex Xobeh
Okawaru
Qazlal
Ru
Sif Muna
Trog
Uskayaw
Vehumet
Wu Jian
Xom
Yredelemnul
Zin
The Shining One

Shops:
D:2 =   D:3 (

Annotations:
D:4 Sigmund
D:8 3 exclusions Bailey exclusion: vault guard


Innate Abilities, Weirdness & Mutations

You are a hulking beast.
Your limbs bulge with bestial killing power. (Slay +3)
You cannot wear most types of armour.
You are amphibious.
You can wear up to eight rings at the same time.
Your skin changes colour to match your surroundings (Stealth+).
Your rubbery body absorbs attacks. (AC +1, EV +1)
You are camouflaged when in or above water. (Stealth+)
You have tentacles for arms and can constrict up to eight enemies at once.


Message History

As you read the scroll labelled CUGI BICKYPSECYRPH, it crumbles to dust.
The creatures around you are filled with an inner flame!
It was a scroll of immolation.
K - 2 scrolls of immolation You feel more attuned to fire.
p - a ring of fire (right tentacle)
You bludgeon the vault guard!
Flame seeps out of the vault guard.
You grab the vault guard.
The vault guard is lightly wounded.
You constrict the vault guard.
Flame seeps out of the vault guard.
You bludgeon the vault guard!
Flame seeps out of the vault guard.
The vault guard is moderately wounded.
You constrict the vault guard.
Flame seeps out of the vault guard.
The vault guard is engulfed in blazing flames.
Flame seeps out of the vault guard.
The vault guard splashes around in the water.
You bludgeon the vault guard!
Flame seeps out of the vault guard. x2
You squeeze the vault guard!
The vault guard is severely wounded.
You constrict the vault guard.
Flame seeps out of the vault guard.
The vault guard is engulfed in blazing flames.
Flame seeps out of the vault guard.
The vault guard hits you with a +0 broad axe!!
Your corrosive artefact corrodes you!
You tentacle-slap the vault guard but do no damage.
The vault guard is severely wounded.
You constrict the vault guard.
Flame seeps out of the vault guard.
The vault guard is engulfed in blazing flames.
Flame seeps out of the vault guard.
The vault guard hits you with a +0 broad axe!
You completely miss the vault guard. You squeeze the vault guard.
You hear a splash. x5
The vault guard explodes!
The fiery explosion engulfs you! You resist.
* * * LOW HITPOINT WARNING * * *
The fiery explosion engulfs the human!!
Flame seeps out of the human.
The human is heavily wounded.
You are engulfed in blazing flames.
You resist.
You die...
Your body crumbles into a pile of gold.

#.....######,,###≈≈≈≈≈###
#..∩..))...#+##≈≈~~$~~≈≈##
##...##).....#≈~~~~~~~~~≈##
#####.......##≈~~~~~~~~~≈#
#...#######≈~~......~######
#..##).#$≈≈~.~......##....!
#...#..#..§§p..)~~..#.....?
#...#..'..§§§§$.....'..∩...
##..)..#~~h§§≈~~~...#.....!
##....#≈≈####$≈~~~.##....?
#########?.###≈~..~######
########...F##≈.~~~#
########~...~#≈.~~##
#########~~.p#≈.~##
###########~.'.###
################


You could see a human (inner flame).

Vanquished Creatures
  A vault guard (Bailey)
  Prince Ribbit (Bailey)
  A vampire (D:7)
  6 humans (Bailey)
  Menkaure (D:7)
  An orc warrior (D:7)
  An ice beast (D:5)
  A sky beast (D:7)
  A centaur (D:7)
  4 elf zombies (Ossuary)
  A weeping skull (Ossuary)
  A gnoll sergeant (D:5)
  8 bullfrogs
  A wight (D:8)
  3 killer bees (D:7)
  A howler monkey (D:7)
  2 centaur zombies (Ossuary)
  4 jellies
  2 gnoll boudas
  A human zombie (Ossuary)
  3 orc priests (D:7)
  2 hounds
  A spectral scorpion (Ossuary)
  2 iguanas
  6 orc wizards
  A killer bee zombie (Ossuary)
  A hound zombie (Ossuary)
  3 mummies (Ossuary)
  24 gnolls
  10 adders
  A shadow imp (D:7)
  A white imp (D:6)
  2 adder zombies (Ossuary)
  3 dart slugs
  13 orcs
  13 ball pythons
  12 endoplasms
  4 giant cockroaches
  12 goblins
  15 hobgoblins
  A quokka (D:3)
  2 ball python zombies (Ossuary)
  5 bats
  2 frilled lizards (D:1)
  A gnoll zombie (Ossuary)
  9 jackal zombies (Ossuary)
  8 kobolds
  6 kobold zombies (Ossuary)
  7 rats
212 creatures vanquished.

Notes
Turn   | Place    | Note
-------+----------+-------------------------------------------
     0 | D:1      | Twinkles the Octopode Shapeshifter began the quest for the
                  | Orb.
     0 | D:1      | Reached XP level 1. HP: 13/13 MP: 1/1
   399 | D:1      | Reached XP level 2. HP: 18/18 MP: 2/2
   426 | D:1      | Reached skill level 1 in Stealth
   719 | D:1      | Reached XP level 3. HP: 23/23 MP: 3/3
  1680 | D:2      | Reached skill level 2 in Stealth
  1680 | D:2      | Reached XP level 4. HP: 29/29 MP: 4/4
  1704 | D:2      | Found Yzuxtov's Jewellery Emporium.
  2275 | D:3      | Reached XP level 5. HP: 26/34 MP: 5/5
  2731 | D:3      | Found Ehall's Weapon Shop.
  2850 | D:3      | Identified the amulet "Vaimpev" {*Corrode rElec Will++
                  | RegenMP+ Slay+3}
  3126 | D:4      | HP: 8/34 [gnoll/+0 club (6)]
  3306 | D:4      | Found a sand-covered staircase.
  3324 | Ossuary  | Entered an ossuary
  3400 | Ossuary  | Reached skill level 3 in Stealth
  3465 | Ossuary  | Reached XP level 6. HP: 25/41 MP: 6/6
  3734 | Ossuary  | Reached skill level 4 in Stealth
  3841 | Ossuary  | Reached XP level 7. HP: 39/46 MP: 7/7
  4240 | Ossuary  | Reached skill level 5 in Stealth
  4718 | D:4      | Reached XP level 8. HP: 54/54 MP: 8/8
  5054 | D:4      | Noticed Sigmund
  5686 | D:5      | Entered Level 5 of the Dungeon
  5702 | D:5      | Reached skill level 5 in Unarmed Combat
  6565 | D:5      | Reached skill level 6 in Stealth
  6565 | D:5      | Reached skill level 5 in Shapeshifting
  7031 | D:6      | Found a staircase to the Ecumenical Temple.
  7141 | D:6      | Reached skill level 5 in Dodging
  7330 | Temple   | Entered the Ecumenical Temple
  7347 | Temple   | Became a worshipper of Gozag Ym Sagoz the Greedy
  7628 | D:7      | Reached skill level 5 in Fighting
  7628 | D:7      | Reached XP level 9. HP: 56/61 MP: 9/9
  7717 | D:7      | Reached skill level 7 in Stealth
  7790 | D:2      | Bought a +6 ring of dexterity for 396 gold pieces
  8079 | D:7      | Noticed Menkaure
  8086 | D:7      | Killed Menkaure
  8724 | D:8      | Found a flagged portal.
  8757 | Bailey   | Entered a bailey
  8766 | Bailey   | Reached skill level 8 in Stealth
  8771 | Bailey   | HP: 17/62 [human/+0 war axe (19)]
  8783 | Bailey   | HP: 17/62 [gnoll/+0 hand axe (9)]
  9062 | Bailey   | Reached XP level 10. HP: 38/68 MP: 10/10
  9076 | Bailey   | Reached skill level 9 in Stealth
  9085 | Bailey   | HP: 17/69 [human/+0 war axe (12)]
  9283 | Bailey   | Noticed a vault guard
  9290 | Bailey   | Noticed Prince Ribbit
  9291 | Bailey   | Noticed a vault guard
  9301 | Bailey   | Killed Prince Ribbit
  9312 | Bailey   | Killed a vault guard
  9312 | Bailey   | HP: 11/69 [spore (10)]
  9312 | Bailey   | Engulfed by a cloud of flame

Illustrated notes

Levels and vault maps discovered:
D:1:      dpeg_arrival_tiny_c, layout_basic, st_stairs_13
D:2:      layout_loops_cross, serial_shops, nicolae_shop_hallway_stairs,
          nicolae_half_adder
D:3:      layout_basic, serial_shops, shop, st_stairs_4, minivault_14
D:4:      layout_cave_pods, enter_ossuary_1, minmay_ruptured, uniq_sigmund
D:5:      layout_rooms, abandoned_shop, nicolae_grassy_gnolls
D:6:      layout_rooms, grunt_decor_junction, sigmund_army
D:7:      layout_loops_ring, serial_library_hellmonk_hallway_b, uniq_menkaure
D:8:      layout_loops_ring, david_lair_generic, enter_bailey_7,
          amcnicky_mini_pool_small
Temple:   mainiacjoe_temple_hex_bubbles
Bailey:   bailey_axe_froggy_fort_hellmonk, bailey

Skill      XL: |  1  2  3  4  5  6  7  8  9 10 |
---------------+-------------------------------+-----
Stealth        | 1 2 3 4 5 6 8 9 |  9.1
Fighting       | 2 3 5 6 |  6.5
Dodging        | 3 4 5 6 |  6.8
Unarmed Combat | 4 5 6 7 |  7.1
Shapeshifting  | 4 5 6 |  6.6

Action                     |  1- 3 |  4- 6 |  7- 9 | 10-12 || total
---------------------------+-------+-------+-------+-------++-------
  Melee: Unarmed           |    66 |   105 |   219 |    20 ||   410
         Constrict         |    15 |    27 |    64 |     6 ||   112
         Tentacles         |    11 |    24 |    62 |     8 ||   105
         Punch             |     2 |     3 |     9 |     2 ||    16
    Use: Scroll            |       |       |     5 |     2 ||     7
         Potion            |       |       |     1 |     1 ||     2
   Stab: Sleeping          |     8 |     7 |    16 |       ||    31
         Distracted        |     1 |       |       |       ||     1
 Armour: Skin              |    25 |    46 |    87 |     9 ||   167
  Dodge: Dodged            |    35 |    39 |   103 |     3 ||   180

Table legend: (Time is in decaauts)
 A = Elapsed time spent in this place.
 B = Non-inter-level travel time spent in this place.
 C = Inter-level travel time spent in this place.
 D = Time resting spent in this place.
 E = Time spent auto-exploring this place.
 F = Levels seen in this place.
 G = Mean time per level.
                   A        B        C        D        E       F      G
               +--------+--------+--------+--------+--------+-----+--------+
         Total |   9281 |   8604 |    677 |   1280 |   5427 |  11 |  843.7 |
       Dungeon |   7726 |   7079 |    647 |    549 |   5243 |   8 |  965.8 |
        Temple |     32 |      2 |     30 |      0 |      0 |   1 |   32.0 |
       Ossuary |    973 |    973 |      0 |    327 |    164 |   1 |  973.0 |
        Bailey |    548 |    548 |      0 |    404 |     20 |   1 |  548.0 |
               +--------+--------+--------+--------+--------+-----+--------+

Top non-repeatable levels by time:
     D:4: 1658 daAuts
     D:3: 1342 daAuts
     D:1: 1302 daAuts
     D:7: 1042 daAuts
 Ossuary: 973 daAuts
     D:2: 834 daAuts
     D:5: 719 daAuts
     D:6: 622 daAuts
  Bailey: 548 daAuts
     D:8: 203 daAuts
  Temple: 32 daAuts
